 Dungeon Crawl Stone Soup version 0.23-a0-183-gf37f6fb (webtiles) character file.

101 Inarius the Skirmisher (level 4, 0/37 HPs)
             Began as a Mummy Fighter on Sept 22, 2018.
             Slain by Natasha (2 damage)
             ... on level 3 of the Dungeon.
             The game lasted 00:02:51 (2216 turns).

Inarius the Skirmisher (Mummy Fighter)              Turns: 2216, Time: 00:02:52

Health: 0/37       AC:  7    Str: 23    XL:     4   Next: 48%
Magic:  4/4        EV:  7    Int:  7    God:
Gold:   96         SH:  9    Dex: 11    Spells: 3/3 levels left

rFire    . . .     SeeInvis .   a - +0 war axe
rCold    . . .     Gourm    .   c - +0 shield
rNeg     + + +     Faith    .   b - +0 scale mail
rPois    ∞         Spirit   .   (no helmet)
rElec    .         Reflect  .   (no cloak)
rCorr    .         Harm     .   h - +0 pair of gloves (curse)
MR       .....                  (no boots)
Stlth    ..........             (no amulet)
HPRegen  0.12/turn              g - +3 ring of strength
MPRegen  0.09/turn              i - ring of fire

@: slowed, drained, very slow
A: no food or potions, fire vulnerability, cold resistance 1, negative energy
resistance 3, torment resistance, unbreathing
a: no special abilities


You were on level 3 of the Dungeon.
You were not hungry.

You visited 1 branch of the dungeon, and saw 3 of its levels.

You collected 96 gold pieces.

Inventory:

Hand Weapons
 a - a +0 war axe (weapon)
Armour
 b - a +0 scale mail (worn)
 c - a +0 shield (worn)
 h - a cursed +0 pair of gloves (worn)
Jewellery
 f - an uncursed ring of flight
 g - a +3 ring of strength (left hand)
 i - a ring of fire (right hand)
Scrolls
 d - a scroll of identify
 e - a scroll of fog


   Skills:
 * Level 3.9(3.2) Fighting
 + Level 2.5(1.7) Axes
 + Level 2.7(2.0) Armour
 + Level 3.0(2.2) Shields


You had 3 spell levels left.
You didn't know any spells.
Your spell library was empty.

Dungeon Overview and Level Annotations

Branches:
Dungeon (3/15)

Altars:

Annotations:
D:3 Natasha


Innate Abilities, Weirdness & Mutations

You do not eat or drink.
Your flesh is vulnerable to fire.
You are immune to poison.
Your flesh is cold resistant. (rC+)
You are immune to negative energy. (rN+++)
You are immune to unholy pain and torment.
You can survive without breathing.


Message History

Natasha casts a spell at you.
You feel as though you will be slow longer.
Natasha wildly gestures.
Natasha glows brightly for a moment.
Natasha claws you but does no damage. The orc hits you but does no damage.
Natasha claws you but does no damage.
There is a stone staircase leading down here.
Natasha claws you.
* * * LOW HITPOINT WARNING * * *
You climb downwards.
You hear the sound of rushing water.
There is an entrance to a sewer on this level.
Hurry and find it before the
There is a stone staircase leading up here.
You slash the orc!
You kill the orc!
You slash Natasha! Natasha claws you.
* * * LOW HITPOINT WARNING * * *
Natasha claws you but does no damage. Natasha claws you.
You die...

..##
...#
#..#
#..#
#..#
#..#
#.)#
#.@#
#h.#
#..#
#..#
...#
#.#.#
#.#.#
#.#.#


You could see Natasha.

Vanquished Creatures
  Natasha (D:2)
  An adder (D:2)
  2 oozes
  A worm (D:2)
  3 dart slugs (D:1)
  An orc (D:3)
  2 bats (D:2)
  A giant cockroach (D:2)
  3 hobgoblins (D:2)
  7 jackals (D:2)
  8 kobolds
  2 quokkas (D:2)
  3 ball pythons
  3 frilled lizards (D:2)
  6 goblins
  5 rats
49 creatures vanquished.

Notes
Turn   | Place    | Note
-------+----------+-------------------------------------------
     0 | D:1      | Inarius the Mummy Fighter began the quest for the Orb.
     0 | D:1      | Reached XP level 1. HP: 18/18 MP: 1/1
   255 | D:1      | Reached XP level 2. HP: 21/24 MP: 2/2
  1014 | D:2      | Reached XP level 3. HP: 12/29 MP: 3/3
  1955 | D:2      | Reached XP level 4. HP: 31/37 MP: 4/4
  2143 | D:2      | Noticed Natasha
  2150 | D:2      | Killed Natasha
  2180 | D:2      | Noticed Natasha
  2216 | D:3      | Slain by Natasha

Vault maps used:
D:1:      noname_arrival_rooms_in_the_neighbourhood
D:2:      minmay_diamond_boxcup, corexii_hall_statues_x,
          nicolae_underground_beach, uniq_natasha
D:3:      amethyst_overflow_temple_binary, lightli_sewer_entry_pipes,
          first_ration

Skill      XL: |  1  2  3  4 |
---------------+-------------+-----
Axes           | 2 |  2.5
Shields        | 3 |  3.0
Fighting       | |  3.9
Armour         | |  2.7

Action                   |  1- 3 |  4- 6 || total
-------------------------+-------+-------++-------
Melee: War axe           |   155 |    15 ||   170
  Use: Scroll            |       |     2 ||     2
Armor: Scale mail        |    78 |    12 ||    90
Dodge: Dodged            |    48 |     2 ||    50
Block: Shield            |    88 |    22 ||   110

Table legend:
 A = Non-vault XP
 B = Vault XP
 C = Vault XP percentage of total XP
 D = Non-vault monster count
 E = Vault monster count
 F = Vault count percentage of total count
                 A         B        C        D         E       F
            +---------+---------+-------+---------+---------+-------
      Total |      98 |      47 |  32.4 |      41 |       8 |  16.3
            +---------+---------+-------+---------+---------+-------
        D:1 |      27 |       0 |   0.0 |      11 |       0 |   0.0
        D:2 |      68 |      47 |  40.9 |      29 |       8 |  21.6
        D:3 |       3 |       0 |   0.0 |       1 |       0 |   0.0
            +---------+---------+-------+---------+---------+-------
